 Dungeon Crawl Stone Soup version 0.27.0-1-g7a089689b8 (webtiles) character file.

Game seed: 16392567374801825891

72 MajorAdolf the Skirmisher (level 4, -1/44 HPs)
             Began as a Naga Wanderer on Aug 9, 2021.
             Slain by a bullfrog skeleton (2 damage)
             ... on level 3 of the Dungeon.
             The game lasted 00:02:22 (1993 turns).

MajorAdolf the Skirmisher (Naga Wanderer)           Turns: 1993, Time: 00:02:22

Health: -1/44      AC:  7    Str: 14    XL:     4   Next: 26%
Magic:  4/4        EV:  7    Int: 13    God:
Gold:   98         SH:  0    Dex: 11    Spells: 3/3 levels left

rFire    . . .     SeeInvis +   f - +2 dagger (venom)
rCold    . . .     Faith    .   (no shield)
rNeg     . . .     Spirit   .   b - +2 scale mail
rPois    +         Reflect  .   (no helmet)
rElec    .         Harm     .   (no cloak)
rCorr    .         Rampage  .   (no gloves)
Will     .....                  (no barding)
Stlth    +.........             (no amulet)
HPRegen  0.14/turn              (no ring)
MPRegen  0.09/turn              (no ring)

@: very slow
A: AC +1, large, see invisible, deformed body, poison resistance, slowness 2,
spit poison 1, naga tail 1
a: Spit Poison


You were on level 3 of the Dungeon.
You visited 1 branch of the dungeon, and saw 3 of its levels.

You collected 98 gold pieces.

Inventory:

Hand Weapons
 a - a +0 mace
 d - a +0 dagger
 f - a +2 dagger of venom (weapon)
Missiles
 k - 2 throwing nets
Armour
 b - a +2 scale mail (worn)
Scrolls
 c - a scroll of teleportation
 g - a scroll of amnesia {unknown}
 h - a scroll of noise {unknown}
 i - a scroll of acquirement {unknown}
 m - a scroll of brand weapon {unknown}
Potions
 e - 2 potions of brilliance {unknown}
 j - 2 potions of heal wounds {unknown}
 l - a potion of might {unknown}


   Skills:
 - Level 4.0 Fighting
 - Level 1.0(1.2) Axes
 - Level 1.0(1.2) Maces & Flails
 + Level 3.6 Armour
 - Level 3.0 Stealth


You had 3 spell levels left.
You didn't know any spells.
Your spell library contained the following spells:

 Spells                   Type           Power      Damage    Failure   Level
 Magic Dart               Conj           0%         1d3       77%         1
 Searing Ray              Conj           0%         3d3       88%         2
 Fulminant Prism          Conj/Hex       0%         3d6       100%        4


Dungeon Overview and Level Annotations

Branches:
Dungeon (3/15)

Altars:


Innate Abilities, Weirdness & Mutations

Your serpentine skin is tough. (AC +1)
You have supernaturally acute eyesight. (SInv)
Armour fits poorly on your strangely shaped body.
Your system is resistant to poisons. (rPois)
You cover ground very slowly.
You can spit poison.
You have a snake-like lower body.


Message History

You barely miss the kobold. The kobold hits you but does no damage.
You hit the kobold.
The kobold is poisoned.
The kobold is moderately wounded.
The kobold hits you but does no damage.
You hit the kobold.
You kill the kobold!
You hit the bullfrog skeleton.
The bullfrog skeleton is moderately damaged.
The bullfrog skeleton hits you.
You barely miss the bullfrog skeleton.
The bullfrog skeleton is moderately damaged.
The bullfrog skeleton hits you.
* * * LOW HITPOINT WARNING * * *
The bullfrog skeleton hits you.
* * * LOW HITPOINT WARNING * * *
You hit the bullfrog skeleton.
The bullfrog skeleton is heavily damaged.
The bullfrog skeleton hits you but does no damage.
You hit the bullfrog skeleton.
The bullfrog skeleton is heavily damaged.
The bullfrog skeleton hits you.
* * * LOW HITPOINT WARNING * * *
You hit the bullfrog skeleton.
The bullfrog skeleton is severely damaged.
The bullfrog skeleton hits you but does no damage.
Unknown command.
Okay, then.
Okay, then.
You hit the bullfrog skeleton.
The bullfrog skeleton is severely damaged.
The bullfrog skeleton barely misses you.
The bullfrog skeleton hits you but does no damage.
You hit the bullfrog skeleton.
The bullfrog skeleton is almost destroyed.
The bullfrog skeleton hits you.
* * * LOW HITPOINT WARNING * * *
You hit the bullfrog skeleton.
The bullfrog skeleton is almost destroyed.
The bullfrog skeleton hits you.
You die...

######[.####.## ##..## #.#
#. #..## ###.## #####.
######.## #..... ....#.
##......####......
......###................#
....>.....).#######.....##
....#..##.### #..####
........Z@# ....
.^..#...### ..#.# .
#.#..## ##.. #.##.)# #
##K# K..o..)..#
S..../.#... ....... .....
..o.>.. ##.#..#


You could see a bullfrog skeleton.

Vanquished Creatures
  An adder (D:2)
  4 worms (D:2)
  5 orcs (D:3)
  7 endoplasms
  2 giant cockroaches
  5 goblins (D:1)
  4 hobgoblins
  3 jackals (D:2)
  3 kobolds
  A quokka (D:1)
  A ball python (D:1)
  A bat (D:1)
  2 frilled lizards (D:1)
  4 rats
43 creatures vanquished.

Vanquished Creatures (others)
  4 withered plants (D:3)
4 creatures vanquished.

Grand Total: 47 creatures vanquished

Notes
Turn   | Place    | Note
-------+----------+-------------------------------------------
     0 | D:1      | MajorAdolf the Naga Wanderer began the quest for the Orb.
     0 | D:1      | MajorAdolf set off with the following items: a +0 mace, a
                  | +2 scale mail, a scroll of teleportation, a +0 dagger
     0 | D:1      | Reached XP level 1. HP: 22/22 MP: 1/1
   291 | D:1      | Reached XP level 2. HP: 28/30 MP: 2/2
  1039 | D:1      | Reached XP level 3. HP: 29/36 MP: 3/3
  1796 | D:2      | Reached XP level 4. HP: 42/44 MP: 4/4
  1992 | D:3      | HP: 1/44 [bullfrog skeleton (3)]
  1993 | D:3      | Slain by a bullfrog skeleton

Illustrated notes

Levels and vault maps discovered:
D:1:      lightli_arrival_quake, layout_basic
D:2:      layout_basic, glass_columns_a
D:3:      layout_rooms, ebering_ecumenical_altar_petrified

Skill      XL: |  1  2  3 |
---------------+----------+-----
Armour         | 2 3 |  3.6
Fighting       | |  4.0
Axes           | |  1.0
Maces & Flails | |  1.0
Stealth        | |  3.0

Action                   |  1- 3 |  4- 6 || total
-------------------------+-------+-------++-------
Melee: Mace              |    22 |       ||    22
       Dagger            |    76 |    40 ||   116
 Abil: Spit Poison       |     2 |       ||     2
Armor: Scale mail        |    55 |    17 ||    72
Dodge: Dodged            |    30 |     7 ||    37
